 Dungeon Crawl Stone Soup version 0.23.2-1-ga50397a6bc (webtiles) character file.

Game seed: 5073383107323584243

51 Lennu the Ruffian (level 3, 36/36 HPs)
             Began as a Troll Berserker on Apr 24, 2019.
             Was a Believer of Trog.
             Quit the game on level 2 of the Dungeon.
             The game lasted 00:02:19 (1070 turns).

Lennu the Ruffian (Troll Berserker)                 Turns: 1070, Time: 00:02:19

Health: 36/36      AC:  6    Str: 25    XL:     3   Next: 57%
Magic:  2/2        EV: 10    Int:  3    God:    Trog [**....]
Gold:   34         SH:  0    Dex: 10    Spells: 2/2 levels left

rFire    . . .     SeeInvis .     - Unarmed
rCold    . . .     Gourm    +   (no shield)
rNeg     . . .     Faith    .   a - +0 animal skin
rPois    .         Spirit   .   (helmet restricted)
rElec    .         Reflect  .   (no cloak)
rCorr    .         Harm     .   (gloves unavailable)
MR       .....                  (boots unavailable)
Stlth    +.........             (no amulet)
HPRegen  0.52/turn              (no ring)
MPRegen  0.08/turn              (no ring)

@: no status effects
A: large, unfitting armour, claws 3, fast metabolism 3, gourmand, regeneration
1, shaggy fur 1, tough skin 3
a: Berserk, Trog's Hand, Renounce Religion


You were on level 2 of the Dungeon.
You worshipped Trog.
Trog was pleased with you.
You were completely stuffed.

You visited 1 branch of the dungeon, and saw 2 of its levels.

You collected 34 gold pieces.

Inventory:

Armour
 a - a +0 animal skin (worn)
Scrolls
 d - 3 scrolls of random uselessness {unknown}
 e - 2 scrolls of remove curse {unknown}
 f - a scroll of enchant weapon {unknown}
 g - a scroll of magic mapping {unknown}
 h - 2 scrolls of teleportation {unknown}
 j - a scroll of noise {unknown}
 k - a scroll of enchant armour {unknown}
 l - a scroll of fog {unknown}
Potions
 c - 3 potions of heal wounds {unknown}
Comestibles
 b - 6 rations
 i - 4 chunks of flesh


   Skills:
 + Level 2.8 Fighting
 + Level 2.9 Dodging
 + Level 3.7 Unarmed Combat


You had 2 spell levels left.
You didn't know any spells.
Your spell library was empty.

Dungeon Overview and Level Annotations

Branches:
Dungeon (2/15)

Altars:


Innate Abilities, Weirdness & Mutations

You are too large for most types of armour.
You have claws for hands.
Your metabolism is lightning-fast.
You like to eat raw meat.
Your natural rate of healing is unusually fast.
You are covered in fur. (AC +1)
You have extremely tough skin. (AC +3)


Message History

The giant cockroach is moderately wounded.
The giant cockroach bites you.
You barely miss the giant cockroach.
The giant cockroach is moderately wounded.
The giant cockroach closely misses you.
The giant cockroach bites you but does no damage.
You closely miss the giant cockroach.
The giant cockroach is moderately wounded.
The giant cockroach completely misses you.
You barely miss the giant cockroach.
The giant cockroach is moderately wounded.
The giant cockroach bites you but does no damage.
You claw the giant cockroach!
You kill the giant cockroach!
Trog accepts your kill.
No target in view!
Unknown command.
Quiver which item? (- for none, * to show all) (? for menu, Esc to quit)
Okay, then.
Are you sure you want to abandon this character and quit the game? (Confirm with "yes".)

.. .. ..# ##.#### #
... #.....#.#.......##
#.###...?.#.#.......##
#...<.......#.......##
#.........#.#.......##
#.........#.#.......##
#@..!.#.#.......##
#.....#.#.......##
#.....#.#.......##
#.....#.#.........
#.#.....#.######..##
#.............รท...##
###.....#...........
#.....#........###
........#........###


There were no monsters in sight!

Vanquished Creatures
  2 adders (D:2)
  A dart slug (D:1)
  6 bats (D:1)
  A giant cockroach (D:2)
  3 goblins (D:1)
  9 hobgoblins (D:1)
  A ball python (D:1)
  5 frilled lizards (D:1)
  3 kobolds (D:1)
31 creatures vanquished.

Notes
Turn   | Place    | Note
-------+----------+-------------------------------------------
     0 | D:1      | Lennu the Troll Berserker began the quest for the Orb.
     0 | D:1      | Reached XP level 1. HP: 22/22 MP: 0/0
   302 | D:1      | Reached XP level 2. HP: 27/29 MP: 1/1
   739 | D:1      | Reached ** piety under Trog
   949 | D:1      | Reached XP level 3. HP: 36/36 MP: 2/2
  1070 | D:2      | Quit the game

Action                   || total
-------------------------++-------
Melee: Unarmed           ||    80
       Punch             ||     2
 Stab: Sleeping          ||     1
  Eat: Chunk             ||    15
Armor: Animal skin       ||    29
Dodge: Dodged            ||    45
